 Dungeon Crawl Stone Soup version 0.29.1-2-gbd0b4ee654 (webtiles) character file.

Game seed: 1423498705111537119

198 Felido the Firebug (level 6, -7/47 HPs)
             Began as a Human Cinder Acolyte on Oct 29, 2022.
             Was a High Priest of Ignis.
             Mangled by a gnoll bouda
             ... wielding a +0 whip
              (10 damage)
             ... on level 4 of the Dungeon.
             The game lasted 00:09:16 (4216 turns).

Felido the Firebug (Human Cinder Acolyte)           Turns: 4216, Time: 00:09:18

Health: -7/47      AC:  5    Str: 20    XL:     6   Next: 6%
Magic:  7/19       EV:  5    Int: 21    God:    Ignis [*****.]
Gold:   148        SH:  0    Dex:  8    Spells: 8/10 levels left

rFire   + . .      SeeInvis .   u - +7 hand axe of Qaizu {venom, rPois rN++ Will- Str+4}
rCold   . . .      Faith    .   (no shield)
rNeg    + + .      Spirit   .   s - +0 ring mail
rPois   +          Reflect  .   (no helmet)
rElec   .          Harm     .   (no cloak)
rCorr   .          Rampage  .   (no gloves)
Will    .....                   (no boots)
Stlth   ..........              (no amulet)
HPRegen 0.15/turn               g - ring of magical power
MPRegen 0.16/turn               j - +6 ring of intelligence

@: weakened, held
A: no striking features
a: Renounce Religion, Fiery Armour, Foxfire Swarm, Rising Flame


You were on level 4 of the Dungeon.
You worshipped Ignis.
Ignis was extremely pleased with you.
You visited 1 branch of the dungeon, and saw 4 of its levels.

You collected 148 gold pieces.

Inventory:

Hand Weapons
 a - a -1 falchion of flaming
 u - the +7 hand axe of Qaizu (weapon) {venom, rPois rN++ Will- Str+4}
   (You found it on level 3 of the Dungeon)

   It poisons the flesh of those it strikes.
   Str:       It affects your strength (+4).
   rPois:     It protects you from poison.
   rN:        It greatly protects you from negative energy.
   Will:      It decreases your willpower.
Armour
 s - a +0 ring mail (worn)
Jewellery
 g - a ring of magical power (left hand)
 j - a +6 ring of intelligence (right hand)
 n - a ring of positive energy
Scrolls
 c - 8 scrolls of teleportation {unknown}
 e - a scroll of amnesia {unknown}
 f - a scroll of blinking {unknown}
 h - 2 scrolls of noise {unknown}
 i - 2 scrolls of silence {unknown}
 k - 4 scrolls of identify {unknown}
 m - a scroll of poison {unknown}
 p - a scroll of immolation {unknown}
 r - a scroll of fear {unknown}
Potions
 b - 2 potions of flight {unknown}
 d - 3 potions of degeneration {unknown}
 l - 3 potions of might {unknown}
 o - a potion of brilliance {unknown}
 q - a potion of mutation {unknown}
 t - a potion of heal wounds {unknown}
 v - a potion of haste {unknown}


   Skills:
 + Level 3.1 Fighting
 + Level 3.5 Long Blades
 + Level 0.4 Armour
 + Level 0.6 Dodging
 + Level 0.5 Stealth
 + Level 2.9 Spellcasting
 + Level 4.6 Fire Magic


You had 8 spell levels left.
You knew the following spells:

 Your Spells              Type           Power      Damage    Failure   Level
a - Scorch                Fire           44%        2d7       4%          2

Your spell library contained the following spells:

 Spells                   Type           Power      Damage    Failure   Level


Dungeon Overview and Level Annotations

Branches:
Dungeon (4/15)
 Temple: D:4-7

Altars:
Fedhas
Gozag

Portals:
Ossuary: D:4


Message History

Your attacks no longer feel as feeble.
The gnoll bouda gazes fiercely through you!
You feel your attacks grow feeble.
Casting: Scorch (safe; 4% risk of failure)
Confirm with . or Enter, or press ? or * to list all spells.
Flames lash the gnoll bouda.
The gnoll bouda is heavily wounded.
The gnoll bouda's fire resistance burns away.
A gnoll comes into view. It is wielding a +0 halberd.
Casting: Scorch (safe; 4% risk of failure)
Confirm with . or Enter, or press ? or * to list all spells.
Flames lash the ball python.
You kill the ball python!
The gnoll hits you with a +0 flail!
Casting: Scorch (safe; 4% risk of failure)
Confirm with . or Enter, or press ? or * to list all spells.
Flames lash the gnoll.
The gnoll is lightly wounded.
The gnoll's fire resistance burns away.
The gnoll hits you with a +0 flail! x2
The gnoll bouda barks out a call to the hunt!
The gnoll picks up the pace!
A kobold comes into view. It is wielding a +0 club.
Unknown command.
You struggle against the net.
The gnoll closely misses you. The gnoll hits you with a +0 flail.
The gnoll bouda hits you with a +0 whip.
Casting: Scorch (safe; 4% risk of failure)
Confirm with . or Enter, or press ? or * to list all spells.
Flames lash the gnoll.
The gnoll is severely wounded.
The gnoll's fire resistance burns away.
The gnoll is no longer more vulnerable to fire.
The gnoll hits you with a +0 flail.
* * * LOW HITPOINT WARNING * * *
The gnoll hits you from afar with a +0 spear.
* * * LOW HITPOINT WARNING * * *
The gnoll hits you with a +0 flail.
* * * LOW HITPOINT WARNING * * *
The gnoll bouda hits you with a +0 whip!
You die...

###### #....# ...#.##
#### ♣.♣#..# ### ###..#
...##.###.###....#
♣†♣##.....##....####
...#####.........g.##
♣.♣# #........@.g.#
...#..###.......gg.g..K.
♣.♣#...##.......##......
...#.............#.)....
♣.♣#........#...........
...# #..................
♣.♣# #.....#...##.......
...# ##....<..# ....
♣.♣# #......###


You could see a gnoll bouda (combustible), 4 gnolls and a kobold.

Vanquished Creatures
  An orc priest (D:3)
  Terence (D:3)
  5 gnolls
  An adder (D:3)
  An ufetubus (D:4)
  3 worms
  2 dart slugs
  5 orcs (D:3)
  2 bats (D:2)
  8 endoplasms
  3 giant cockroaches
  6 goblins
  3 hobgoblins
  4 jackals (D:1)
  2 kobolds
  2 quokkas
  10 ball pythons
  3 frilled lizards
  A goblin zombie (D:4)
  A quokka zombie (D:4)
  2 rats
66 creatures vanquished.

Vanquished Creatures (others)
  3 plants (D:1)
3 creatures vanquished.

Grand Total: 69 creatures vanquished

Notes
Turn   | Place    | Note
-------+----------+-------------------------------------------
     0 | D:1      | Felido the Human Cinder Acolyte began the quest for the
                  | Orb.
     0 | D:1      | Reached XP level 1. HP: 18/18 MP: 2/2
   370 | D:1      | Reached XP level 2. HP: 19/24 MP: 3/3
   373 | D:1      | Learned a level 2 spell: Scorch
   873 | D:1      | Reached XP level 3. HP: 27/29 MP: 4/4
  1312 | D:1      | Found a faded altar of an unknown god.
  1829 | D:2      | Reached XP level 4. HP: 35/35 MP: 6/6
  1873 | D:2      | Reached skill level 4 in Fire Magic
  2098 | D:2      | Reached XP level 5. HP: 39/41 MP: 7/7
  2884 | D:3      | Noticed Terence
  2893 | D:3      | Killed Terence
  3007 | D:3      | Found a blossoming altar of Fedhas.
  3386 | D:3      | Identified the +7 hand axe of Qaizu {venom, rPois rN++
                  | Will- Str+4}
  3406 | D:3      | Found an opulent altar of Gozag.
  4005 | D:4      | Found a sand-covered staircase.
  4086 | D:4      | Reached XP level 6. HP: 47/47 MP: 10/10
  4216 | D:4      | Mangled by a gnoll bouda

Illustrated notes

Levels and vault maps discovered:
D:1:      tarquinn_simple_flora_water_a, layout_loops_ring,
          shapermc_ecumenical_altar_mp_vishouse
D:2:      layout_loops_ring
D:3:      layout_basic, grunt_gozag_breadcrumbs, fedhas_ov_isle_minmay,
          cheibrodos_sewer_entry_bend, uniq_terence
D:4:      nicolae_cairo_tiling_large, layout_cave_pools, lemuel_round_altar,
          mainiacjoe_overflow_paths, enter_ossuary_4, chequers_avenue,
          uniq_robin, uniq_pikel

Skill      XL: |  1  2  3  4  5 |
---------------+----------------+-----
Fire Magic     | 4 |  4.6
Spellcasting   | 2 |  2.9
Fighting       | |  3.1
Long Blades    | |  3.5
Armour         | |  0.4
Dodging        | |  0.6
Stealth        | |  0.5

Action                   |  1- 3 |  4- 6 || total
-------------------------+-------+-------++-------
Melee: Falchion          |    70 |    20 ||    90
       Hand axe          |       |     2 ||     2
 Cast: Scorch            |    21 |    56 ||    77
Armor: Robe              |    11 |     2 ||    13
       Ring mail         |       |     3 ||     3
Dodge: Dodged            |    28 |    22 ||    50
